 Dungeon Crawl Stone Soup version 0.30-a0-883-g5ad918d77d (webtiles) character file.

Game seed: 6340538182979754312

14072 Demosthentine the Fighter (level 11, -7/80 (81) HPs)
             Began as a Demonspawn Gladiator on Mar 16, 2023.
             Was a Priest of Hepliaklqana.
             Killed from afar by a lindwurm (23 damage)
             ... with a blast of flame
             ... summoned by Kirke
             ... on level 11 of the Dungeon.
             The game lasted 00:14:26 (11316 turns).

Demosthentine the Fighter (Demonspawn Gladiator)   Turns: 11316, Time: 00:14:27

HP:   -7/80 (81)    AC:  0    Str: 16    XL:     11   Next: 83%
MP:   0/16          EV: 20    Int: 11    God:    Hepliaklqana [***...]
Gold: 2105          SH:  0    Dex: 16    Spells: 10/10 levels left

rFire   . . .      SeeInvis .    v - melded +1 trident (freeze)
rCold   . . .      Faith    .    (shield currently unavailable)
rNeg    . . .      Spirit   +    b - melded +0 leather armour
rPois   .          Reflect  .    c - melded +1 helmet
rElec   .          Rampage  .    (cloak unavailable)
rCorr   .                        (gloves currently unavailable)
Will    .....                    A - melded +0 pair of boots {Fly}
Stlth   +                        C - amulet of guardian spirit
HPRegen 0.33/turn                l - melded +5 ring of evasion
MPRegen 0.15/turn                a - melded +4 ring of slaying

@: about to teleport, pig-form, lightly drained, very quick
A: fast, no casting, reduced essence, small, (thin metallic scales 1), (spiny
2), condensation shield, (weakness stinger 3)
a: Renounce Religion, Recall Ancestor, Ancestor Identity, Transference


You were on level 11 of the Dungeon.
You worshipped Hepliaklqana.
Hepliaklqana was most pleased with you.
You were a filthy swine.
You visited 2 branches of the dungeon, and saw 13 of its levels.
You also visited: Bailey.

You collected 2105 gold pieces.

Inventory:

Hand Weapons
 v - a +1 trident of freezing (melded)
Missiles
 d - 5 throwing nets (quivered)
 e - a javelin
Armour
 b - a +0 leather armour (melded)
 c - a +1 helmet (melded)
 A - a +0 pair of boots of flying (melded)
 L - a +0 buckler
Jewellery
 a - a +4 ring of slaying (melded)
 l - a +5 ring of evasion (melded)
 C - an amulet of guardian spirit (around neck)
Wands
 j - a wand of mindburst (26)
 k - a wand of digging (7)
 n - a wand of flame (36)
 B - a wand of paralysis (15)
Scrolls
 m - 2 scrolls of teleportation
 q - 2 scrolls of fear
 r - 3 scrolls of amnesia
 t - a scroll of blinking
 u - 3 scrolls of magic mapping
 x - 2 scrolls of fog
 y - 2 scrolls of enchant armour
 J - a scroll of enchant weapon
Potions
 f - 3 potions of curing
 g - a potion of lignification
 h - a potion of magic
 i - 5 potions of attraction
 o - 4 potions of heal wounds
 p - 2 potions of mutation
 s - 2 potions of resistance
 w - 7 potions of flight
 z - a potion of cancellation
 D - 2 potions of brilliance
 E - 4 potions of haste {unknown}
 F - a potion of ambrosia
 G - a potion of experience {unknown}
 H - a potion of invisibility


   Skills:
 + Level 10.0 Fighting
 + Level 9.4 Polearms
 - Level 1.7 Throwing
 - Level 7.1 Armour
 + Level 9.4 Dodging
 + Level 0.5 Shields
 + Level 7.2 Invocations


You had 10 spell levels left.
You didn't know any spells.
Your spell library contained the following spells:

 Spells                   Type           Power      Damage    Failure   Level
 Shock                    Conj/Air       0%         1d3       34%         1
 Slow                     Hex            0%         N/A       34%         1
 Sting                    Tmut/Pois      0%         1d3       34%         1
 Ensorcelled Hibernation  Hex/Ice        0%         N/A       47%         2
 Passwall                 Tmut/Erth      0%         N/A       47%         2
 Poisonous Vapours        Pois/Air       0%         N/A       47%         2
 Confusing Touch          Hex            0%         N/A       71%         3
 Dazzling Flash           Conj/Hex       0%         N/A       71%         3
 Gell's Gravitas          Tloc           0%         N/A       71%         3
 Ignite Poison            Fire/Tmut/Pois 0%         N/A       71%         3
 Kindle Blastsparks       Fire/Tloc/Air  0%         2d10      71%         3
 Ozocubu's Armour         Ice            0%         N/A       71%         3
 Swiftness                Air            0%         N/A       71%         3
 Teleport Other           Tloc           0%         N/A       71%         3
 Vampiric Draining        Necr           0%         2d6       71%         3
 Vhi's Electric Charge    Tloc/Air       0%         N/A       71%         3
 Airstrike                Air            0%         2d(0-16)  98%         4
 Cause Fear               Hex            0%         N/A       98%         4
 Iskenderun's Mystic Bla  Conj/Tloc      0%         2d3       98%         4
 Olgreb's Toxic Radiance  Pois           0%         N/A       98%         4
 Summon Ice Beast         Ice/Summ       0%         N/A       98%         4
 Agony                    Necr           0%         N/A       100%        5
 Arcjolt                  Conj/Air       0%         1d10      100%        5
 Freezing Cloud           Conj/Ice/Air   0%         6-21      100%        5
 Silence                  Hex/Air        0%         N/A       100%        5
 Summon Forest            Summ/Tloc      0%         N/A       100%        5
 Summon Mana Viper        Hex/Summ       0%         N/A       100%        5
 Dispersal                Tloc           0%         N/A       100%        6
 Starburst                Conj/Fire      0%         6d3       100%        6
 Summon Cactus Giant      Summ           0%         N/A       100%        6
 Dragon Form              Tmut           0%         N/A       100%        7
 Monstrous Menagerie      Summ           0%         N/A       100%        7
 Ozocubu's Refrigeration  Ice            0%         4d7       100%        7
 Maxwell's Capacitive Co  Air            0%         ∞         100%        8
 Dragon's Call            Summ           0%         N/A       100%        9


Dungeon Overview and Level Annotations

Branches:
Dungeon (12/15)            Temple (1/1) D:5            Lair (0/5) D:11
    Orc (0/2) D:9          Bailey (visited)

Altars:
Ashenzari
Cheibriados
Dithmenos
Fedhas
Gozag
Hepliaklqana
Kikubaaqudgha
Makhleb
Nemelex Xobeh
Okawaru
Qazlal
Ru
Sif Muna
Trog
Uskayaw
Vehumet
Wu Jian
Xom
Yredelemnul

Shops:
D:5 (

Annotations:
D:3 3 runed translucent doors, Sanktem7's ghost, amateur MiFi
D:6 2 runed translucent doors
D:11 Kirke


Innate Abilities, Weirdness & Mutations

You are a filthy swine.
You move quickly.
Your equipment is almost entirely melded.
You are incapable of wielding weapons or throwing items.
You cannot cast spells.
Your life essence is reduced to manifest your ancestor. (-10% HP)
((You are partially covered in thin metallic scales. (AC +2)))
((You are mostly covered in sharp spines.))
A meltable shield of frost defends you. (SH +0)
((You have a sharp stinger which inflicts weakening toxins.))


Message History

Tawil hits Kirke with a +0 dagger of draining.
Tawil drains Kirke.
Kirke hits Tawil!
Tawil hits Kirke with a +0 dagger of draining.
Tawil misses Kirke.
Kirke closely misses Tawil.
Tawil barely misses Kirke.
The lindwurm breathes flames at you. The blast of flame hits you!!
Your condensation shield dissipates!
Tawil hits Kirke with a +0 dagger of draining!
Kirke hits Tawil!
Tawil barely misses Kirke.
You hit the lindwurm but do no damage.
Tawil hits Kirke with a +0 dagger of draining!
Kirke barely misses Tawil.
Tawil barely misses Kirke.
The lindwurm completely misses you. The lindwurm claws you!
The lindwurm closely misses you.
You barely miss the lindwurm.
Tawil hits Kirke with a +0 dagger of draining.
Kirke hits Tawil!
Okay, then.
As you read the scroll of teleportation, it crumbles to dust.
You feel strangely unstable.
Tawil barely misses Kirke.
The lindwurm closely misses you. The lindwurm misses you.
The lindwurm claws you.
Tawil hits Kirke with a +0 dagger of draining!
Tawil drains Kirke.
Kirke hits Tawil.
Unknown command.
Tawil points at Kirke and mumbles some strange words.
Kirke resists with almost no effort.
Unknown command.
Something hits Tawil.
The lindwurm breathes flames at you. The blast of flame hits you!
* * * LOW HITPOINT WARNING * * *
Unknown command.
Unknown command.
Your surroundings seem slightly different.
As you read the scroll of teleportation, it crumbles to dust.
You feel strangely unstable. The lindwurm breathes flames at you.
The blast of flame hits you!!
You die...

.# ######.## ###'######## .#
#......>###..........# .#
#.......#.+..........## .#
#.........#..........## .#
#.......###..........#. .#
#.......# #..........#. .#
#.......# #..........+. .##
#.......# #..........## ..#
######h## #..........# #.# #...#
#########'## #'#### ####.###
#....### .....# #......# #.#####.
...k.### #......### ##'#####R
<....'.## #.k......######.....##.
....>#@.###R.....#......'.....'..
...@.##..R.......########.....###
.....######......# #.....#


You could see the friendly Tawil the hexer and a lindwurm (summoned, catching
breath, ally target).

Vanquished Creatures
  Snorg (D:11)
  A cyclops (D:6)
  An oklob plant (D:11)
  Maurice (D:9)
  2 kobold demonologists (D:10)
  A hornet (D:11)
  A shadow (D:9)
  3 wraiths
  2 vampires
  A wyvern (D:6)
  A yak (D:11)
  Grum (D:9)
  A hog (D:12)
  A basilisk (D:6)
  An acid dragon (D:9)
  2 ice beasts
  10 orc warriors
  2 black bears
  A sky beast (D:7)
  4 wolves
  A centaur (D:6)
  An ogre (D:5)
  A phantom (D:6)
  A kobold brigand (D:9)
  4 bullfrogs
  3 gnoll sergeants (D:5)
  4 scorpions
  5 necrophages (D:4)
  8 wights
  A water moccasin zombie (D:4)
  11 killer bees
  6 howler monkeys
  A jelly (D:5)
  6 orc priests
  A bullfrog zombie (D:4)
  4 gnoll boudas
  9 hounds
  Ijyb (D:4)
  A sleepcap (D:3)
  Jessica (D:2)
  6 iguanas
  6 orc wizards
  A howler monkey zombie (D:4)
  24 gnolls
  13 adders
  2 shadow imps
  A white imp (D:8)
  2 worms
  A dart slug (D:1)
  49 orcs
  5 ball pythons
  9 endoplasms
  10 hobgoblins
  14 jackals
  7 quokkas
  7 bats
  2 frilled lizards
  15 goblins
  15 kobolds
  2 rats
299 creatures vanquished.

Vanquished Creatures (collateral kills)
  Gastronok (D:11)
  Nergalle (D:11)
  2 oklob plants (D:11)
  A gargoyle (D:11)
  A troll (D:11)
  4 yaks (D:11)
  A hog (D:11)
  A steam dragon (D:9)
  Menkaure (D:7)
  A wolf (D:9)
  A centaur (D:11)
  A wight (D:9)
  A howler monkey (D:11)
  An orc priest (D:9)
  An orc wizard (D:7)
  A gnoll (Bailey)
  An orc (Bailey)
  A hobgoblin (Bailey)
  2 kobolds (Bailey)
24 creatures vanquished.

Vanquished Creatures (others)
  3 ancestors
  A bush (D:4)
  17 plants
21 creatures vanquished.

Grand Total: 344 creatures vanquished

Notes
Turn   | Place    | Note
-------+----------+-------------------------------------------
     0 | D:1      | Demosthentine the Demonspawn Gladiator began the quest for
                  | the Orb.
     0 | D:1      | Reached XP level 1. HP: 16/16 MP: 1/1
   102 | D:1      | Gained mutation: You are partially covered in thin metallic
                  | scales. (AC +2) [demonic ancestry]
   102 | D:1      | Reached XP level 2. HP: 22/22 MP: 2/2
   404 | D:1      | Reached skill level 1 in Armour
   459 | D:1      | Reached XP level 3. HP: 28/28 MP: 3/3
  1029 | D:2      | Noticed Jessica
  1034 | D:2      | Killed Jessica
  1035 | D:2      | Gained mutation: You are partially covered in sharp spines.
                  | [demonic ancestry]
  1035 | D:2      | Reached XP level 4. HP: 32/34 MP: 4/4
  1483 | D:3      | Reached skill level 3 in Fighting
  1526 | D:3      | Gained mutation: You have a small tail. [demonic ancestry]
  1526 | D:3      | Reached XP level 5. HP: 41/41 MP: 5/5
  1548 | D:3      | Identified the +1 robe of the Evil One {Harm Int+2}
  1557 | D:3      | Found a runed translucent gate.
  1557 | D:3      | Found a runed translucent gate.
  1557 | D:3      | Found a runed translucent gate.
  2158 | D:3      | Found a faded altar of an unknown god.
  2476 | D:3      | Noticed Sanktem7's ghost (amateur MiFi)
  2530 | D:4      | Noticed Ijyb
  2544 | D:4      | Killed Ijyb
  2574 | D:4      | Found a blossoming altar of Fedhas.
  2627 | D:4      | Reached XP level 6. HP: 17/47 MP: 6/6
  3578 | D:4      | Reached skill level 4 in Fighting
  3586 | D:4      | Reached XP level 7. HP: 49/54 MP: 7/7
  3741 | D:5      | Entered Level 5 of the Dungeon
  3911 | D:5      | Reached skill level 5 in Polearms
  3911 | D:5      | Reached skill level 5 in Dodging
  3911 | D:5      | Gained mutation: You are mostly covered in sharp spines.
                  | [demonic ancestry]
  3911 | D:5      | Reached XP level 8. HP: 48/61 MP: 8/8
  3912 | D:5      | Reached skill level 5 in Fighting
  4444 | D:5      | Found a staircase to the Ecumenical Temple.
  4462 | Temple   | Entered the Ecumenical Temple
  4648 | Temple   | Became a worshipper of Hepliaklqana the Forgotten
  4721 | D:5      | Reached skill level 5 in Armour
  4725 | D:5      | Reached skill level 6 in Fighting
  4745 | D:5      | Gained mutation: You have a tail ending in a sharp stinger.
                  | [demonic ancestry]
  4745 | D:5      | Reached XP level 9. HP: 40/69 MP: 9/9
  4851 | D:5      | Found Jaes's Weapon Boutique.
  5498 | D:6      | You fall into a shaft and drop 2 floors!
  5523 | D:8      | Found a hide-covered altar of Uskayaw.
  5523 | D:8      | Noticed a +0 dagger
  5523 | D:8      | Noticed a +0 dagger
  5669 | D:8      | Found a stormy altar of Qazlal.
  5669 | D:8      | Found an ancient bone altar of Kikubaaqudgha.
  5695 | D:8      | Reached skill level 7 in Fighting
  5769 | D:8      | Reached * piety under Hepliaklqana
  5769 | D:8      | Found a flagged portal.
  5776 | Bailey   | Entered a bailey
  6085 | Bailey   | Gained mutation: You have a sharp stinger which inflicts
                  | weakening toxins. [demonic ancestry]
  6085 | Bailey   | Reached XP level 10. HP: 52/71 MP: 10/10
  6226 | D:7      | Noticed Menkaure
  6231 | D:7      | Killed Menkaure
  6542 | D:6      | Found a large runed translucent door.
  6543 | D:6      | Found a large runed translucent door.
  6546 | D:6      | Found a large runed translucent door.
  6546 | D:6      | Found a large runed translucent door.
  6900 | D:6      | Noticed a cyclops
  6917 | D:6      | Killed a cyclops
  6980 | D:6      | Reached skill level 8 in Fighting
  7051 | D:6      | Identified the +5 ring mail of the Trombone {Stlth+}
  7707 | D:7      | Reached ** piety under Hepliaklqana
  7708 | D:7      | Remembered your ancestor Tawil as a hexer
  8436 | D:9      | Noticed Maurice
  8464 | D:9      | Killed Maurice
  8465 | D:9      | Reached skill level 1 in Invocations
  8632 | D:9      | Noticed Grum
  8639 | D:9      | Killed Grum
  8896 | D:9      | Found a staircase to the Orcish Mines.
  9113 | D:10     | Entered Level 10 of the Dungeon
  9242 | D:10     | Gained mutation: A meltable shield of frost defends you.
                  | (SH +0) [demonic ancestry]
  9242 | D:10     | Reached XP level 11. HP: 78/78 MP: 13/13
  9332 | D:10     | Reached *** piety under Hepliaklqana
  9854 | D:11     | Reached skill level 9 in Fighting
  9865 | D:11     | Noticed an oklob plant
  9880 | D:11     | Noticed Nergalle
  9890 | D:11     | Killed Nergalle
  9902 | D:11     | Noticed an oklob plant
  9902 | D:11     | Noticed an oklob plant
 10205 | D:11     | Reached skill level 5 in Invocations
 10240 | D:11     | Identified the +0 war axe "Sofosuesch" {venom, rElec rC+}
 10413 | D:11     | Noticed Gastronok
 10422 | D:11     | Killed Gastronok
 10659 | D:11     | Noticed Snorg
 10670 | D:11     | Killed Snorg
 10934 | D:11     | Found a staircase to the Lair.
 10956 | D:11     | Killed an oklob plant
 10967 | D:11     | Killed an oklob plant
 10981 | D:11     | Killed an oklob plant
 11221 | D:12     | Noticed Kirke
 11226 | D:12     | Noticed a sphinx
 11295 | D:11     | Noticed a lindwurm
 11303 | D:11     | Reached skill level 10 in Fighting
 11307 | D:11     | Noticed a lindwurm
 11316 | D:11     | Killed from afar by a lindwurm

Illustrated notes

Levels and vault maps discovered:
D:1:      zelgadis_glass_arrival_small, layout_basic
D:2:      layout_loops_ring, minmay_increasing_density, uniq_jessica
D:3:      layout_basic, gammafunk_ghost_icy,
          hellmonk_ecumenical_altar_defaced_shrine
D:4:      layout_basic, fedhas_altar_decomposition, solitary_fountain,
          chequers_serial_rivers_large_a, uniq_ijyb
D:5:      layout_cave_pools, temple_fountains, serial_gnoll_camp,
          gnoll_camp_mini_hut, gnoll_camp_huts_basic, gnoll_camp_mini_doghouse,
          gnoll_camp_mini_house, gnoll_camp_mini_shop
D:6:      layout_cave_pools, minmay_hollow_rounded_squares
D:7:      layout_loops_ring, uniq_menkaure
D:8:      layout_basic, dancing_weapons_uskayaw, gammafunk_temple_overflow_wave,
          enter_bailey_4, chequers_serial_rivers_micro_a,
          minmay_large_rounded_square
D:9:      layout_rooms, david_orc_5, uniq_maurice, uniq_grum
D:10:     layout_roguey, zin_academy
D:11:     layout_roguey, dpeg_oklobed_lair, nicolae_zen_rock_garden,
          uniq_gastronok, uniq_snorg, uniq_nergalle
D:12:     layout_loops_ring, roderic_lattice_a, chequers_serial_rivers_small_3,
          uniq_kirke
Temple:   bh_familiar_temple

Skill      XL: |  1  2  3  4  5  6  7  8  9 10 11 |
---------------+----------------------------------+-----
Polearms       | 3 4 5 6 7 8 9 |  9.4
Armour         | 1 2 3 4 5 6 7 |  7.1
Dodging        | 3 4 5 6 7 8 9 |  9.4
Fighting       | 3 4 6 7 8 10 | 10.0
Invocations    | 3 7 |  7.2
Throwing       | |  1.7
Shields        | |  0.5

Action                     |  1- 3 |  4- 6 |  7- 9 | 10-12 || total
---------------------------+-------+-------+-------+-------++-------
  Melee: Trident           |   125 |   139 |   352 |   334 ||   950
         Punch             |     1 |     1 |     4 |     2 ||     8
         Tailslap          |       |     9 |    46 |    38 ||    93
         Unarmed           |       |       |       |     5 ||     5
  Throw: Throwing net      |       |       |     2 |     1 ||     3
 Invoke: Ancestor Life: He |       |       |       |     1 ||     1
    Use: Scroll            |     3 |     7 |     5 |    11 ||    26
         Potion            |       |       |     1 |       ||     1
   Stab: Sleeping          |       |     4 |       |     2 ||     6
         Distracted        |       |       |       |    13 ||    13
         Confused          |       |       |       |     3 ||     3
         Held in net/web   |       |       |       |     2 ||     2
 Armour: Leather armour    |    51 |    14 |    58 |    30 ||   153
  Dodge: Dodged            |    81 |    71 |   260 |   135 ||   547
  Block: Other             |       |       |       |    13 ||    13

Table legend: (Time is in decaauts)
 A = Elapsed time spent in this place.
 B = Non-inter-level travel time spent in this place.
 C = Inter-level travel time spent in this place.
 D = Time resting spent in this place.
 E = Time spent auto-exploring this place.
 F = Levels seen in this place.
 G = Mean time per level.
                   A        B        C        D        E       F      G
               +--------+--------+--------+--------+--------+-----+--------+
         Total |  11329 |  10990 |    339 |    296 |   8512 |  14 |  809.2 |
       Dungeon |  10695 |  10412 |    283 |    296 |   8120 |  12 |  891.2 |
        Temple |    210 |    154 |     56 |      0 |    143 |   1 |  210.0 |
        Bailey |    422 |    422 |      0 |      0 |    248 |   1 |  422.0 |
               +--------+--------+--------+--------+--------+-----+--------+

Top non-repeatable levels by time:
    D:11: 1441 daAuts
     D:4: 1387 daAuts
     D:6: 1166 daAuts
     D:3: 1130 daAuts
     D:5: 1095 daAuts
     D:8: 932 daAuts
     D:2: 843 daAuts
     D:7: 708 daAuts
    D:10: 702 daAuts
     D:9: 674 daAuts
     D:1: 578 daAuts
  Bailey: 422 daAuts
  Temple: 210 daAuts
    D:12: 34 daAuts
